[Event "*** Titled Tuesday Blitz"]
[Site "Chess.com"]
[Date "2020.04.21"]
[Round "2"]
[White "nonscitis"]
[Black "FeketeBarika"]
[Result "1/2-1/2"]
[WhiteElo "2628"]
[BlackElo "2277"]
[TimeControl "180+1"]
[EndTime "10:18:42 PDT"]
[Termination "Game drawn by repetition"]

1. d4 e6 2. Nf3 Nf6 3. c4 d5 4. g3 Be7 5. Bg2 O-O 6. O-O dxc4 7. Qc2 a6 8. a4 Bd7 9. Qxc4 Bc6 10. Bg5 h6 11.
Bxf6 Bxf6 12. Nc3 a5 13. Rfd1 Na6 14. d5 exd5 15. Nxd5 Bxd5 16. Rxd5 Qe7 17. Rb5 c6 18. Rb3 Nb4 19. e4 Qc7 20. Re1 Rfe8 21. Nd4 Bxd4 22. Qxd4 Rad8 23. Qc4 Rd2 24. Re2 Rd1+ 25. Bf1 Qd7 26.
Kg2 b5 27. axb5 cxb5 28. Qc5 Rxf1 29. Rxb4 Ra1 30. Qxb5 Qd8 31. Rd4 Qxd4 32. Qxe8+ Kh7 33. Qxf7 Qd1 34. Qf5+ Kg8 35. Qc8+ Kh7 36. Qf5+ Kg8 37.
Kf3 Qd3+ 38. Re3 Qd1+ 39. Kf4 g5+ 40. Ke5 Qd8 41. Qe6+ Kg7 42. Kf5 Qf8+ 43. Kg4 Qxf2 44. Qe5+ Kg6 45. Qe6+ Kg7 46. Qe5+ Kg8 47. Qb8+ Kg7 48.
Qa7+ Kg6 49. Qb6+ Kg7 50. Qc7+ Kg6 51. Qd6+ Kg7 52. Qe7+ Kg6 53. Qe6+ Kg7 1/2-1/2

[Event "*** Titled Tuesday Blitz"]
[Site "Chess.com"]
[Date "2020.04.21"]
[Round "2"]
[White "SanchezKelvin"]
[Black "eldidi20"]
[Result "1/2-1/2"]
[WhiteElo "2401"]
[BlackElo "2136"]
[TimeControl "180+1"]
[EndTime "10:18:42 PDT"]
[Termination "Game drawn by repetition"]

1. d4 Nf6 2. c4 g6 3. Nc3 Bg7 4. e4 O-O 5. Nf3 d6 6. Be2 e5 7.
O-O Nc6 8. d5 Ne7 9. Ne1 Nd7 10.
Nd3 f5 11. Bd2 Nf6 12. f3 Kh8 13. c5 Neg8 14. cxd6 cxd6 15. Rc1 a6 16. Qb3 Bh6 17.
Bxh6 Nxh6 18. Nf2 Nh5 19. Rc2 Nf4 20. Rfc1 fxe4 21. Ncxe4 Nf5 22. Bf1 Nd4 23. Qb4 Nxd5 24. Qxd6 Qxd6 25. Nxd6 Nxc2 26. Rxc2 Nb4 27. Rc7 Nd5 28.
Rc5 Be6 29. Nxb7 Rab8 30. Bxa6 Rf7 31. Nd6 Rd7 32. Nc4 Nb4 33. Bb5 Rdb7 34. a4 Rxb5 35. axb5 Bxc4 36. Rxc4 Rxb5 37. Ne4 Kg7 38. Kf1 Rb7 39.
Nc5 Rb5 40. Ne4 Nd3 41. Rc7+ Kf8 42. Ke2 Nf4+ 43. Kf1 Rxb2 44. g3 Nd3 45. Rxh7 Ke8 46. Nf6+ Kf8 47. Ng4 Nc5 48. Rc7 Ne6 49. Rc6 Nd4 50.
Rxg6 Ke7 51. Rg7+ Ke6 52. Rg8 Nxf3 53. Re8+ Kd5 54. Rd8+ Ke4 55. Nf6+ Ke3 56. Ng4+ Ke4 57.
Nf6+ Ke3 58. Ng4+ Ke4 1/2-1/2

[Event "*** Titled Tuesday Blitz"]
[Site "Chess.com"]
[Date "2020.04.21"]
[Round "2"]
[White "Igor_Lysyj"]
[Black "JiaHaoxiang"]
[Result "1-0"]
[WhiteElo "2809"]
[BlackElo "2560"]
[TimeControl "180+1"]
[EndTime "10:18:45 PDT"]
[Termination "Igor_Lysyj won by resignation"]

1. d4 d5 2. c4 dxc4 3. e3 Nf6 4.
Bxc4 e6 5. Nf3 a6 6. O-O b5 7.
Be2 Bb7 8. a4 b4 9. Nbd2 Nbd7 10. b3 c5 11. Bb2 cxd4 12. Nxd4 Be7 13. Bf3 Bxf3 14. Qxf3 O-O 15. Nc6 Qe8 16. Rac1 Nd5 17. Ne4 f5 18. Qg3 N7f6 19. Nxe7+ Qxe7 20. Nxf6+ Nxf6 21. Rc7 Nd7 22. Rd1 Rad8 23. Bxg7 Qxg7 24. Qxg7+ Kxg7 25.
Rcxd7+ Rxd7 26. Rxd7+ Kf6 27. Rxh7 Rc8 28. g3 Rc3 29.
Ra7 Rxb3 30. Rxa6 Ra3 31. a5 b3 32. Rb6 Rxa5 33. Rxb3 Ra4 34. Kg2 Rc4 35. Rd3 Rb4 36. Rd4 Rb3 37. Ra4 Rc3 38. e4 Rc5 39. exf5 exf5 40.
h4 Rc6 41. Ra5 Rb6 42. Ra4 Kg6 43. Ra8 Rc6 44. Rg8+ Kf7 45. Rd8 Kg6 46. Rd4 Rb6 47. Kh3 Rb2 48. Rd6+ Kg7 49. Kg2 Rb4 50. Kf3 Ra4 51. h5 Rb4 52. Rg6+ Kf7 53. Kg2 Rc4 54. f4 Rc2+ 55. Kh3 Rc1 56. Kh4 Rg1 57. Ra6 Kg7 58. h6+ Kh7 59. Rf6 Rh1+ 60. Kg5 Rh3 61. Rf7+ Kg8 62.
Rg7+ Kh8 63. Kxf5 Rxh6 64. Rg5 Ra6 65. Kg4 Kh7 66. Rb5 Kg6 67. Kh4 Ra4 68. Rb6+ Kf5 69.
Rb5+ Kg6 70. Rc5 Rb4 71. Kg4 Ra4 72. Rc6+ Kf7 73. Kg5 Ra5+ 74. f5 Ra4 75. g4 Rb4 76. Rc7+ Ke8 77. f6 Kf8 78. Kf5 Rc4 79. Rxc4 1-0

[Event "*** Titled Tuesday Blitz"]
[Site "Chess.com"]
[Date "2020.04.21"]
[Round "2"]
[White "Harsha_Bharathakoti"]
[Black "Sashadav97"]
[Result "1-0"]
[WhiteElo "2802"]
[BlackElo "2553"]
[TimeControl "180+1"]
[EndTime "10:18:45 PDT"]
[Termination "Harsha_Bharathakoti won on time"]

1. e4 c5 2. Nf3 Nc6 3. Bb5 g6 4. O-O Bg7 5. c3 e5 6. d4 cxd4 7. cxd4 exd4 8. Bf4 a6 9. Bc4 b5 10. Bd5 Nge7 11. Bd6 Bb7 12. Nbd2 Nc8 13. Bc5 N8e7 14.
Nb3 d6 15. Bxd4 Nxd4 16. Nbxd4 Nxd5 17. exd5 O-O 18. Nc6 Qf6 19. Nfd4 Rae8 20. a4 b4 21. Rc1 Re4 22. Nb3 Qxb2 23. Nba5 Bc8 24. Nc4 Qf6 25. Nxb4 a5 26. Nc6 Ba6 27. N6xa5 h5 28. Re1 Rf4 29. f3 h4 30. h3 Rd4 31. Qb3 Qg5 32. Nc6 Kh7 33.
Nxd4 Bxd4+ 34. Kh1 Bc8 35. Qd3 Bf6 36. Nxd6 Bd7 37.
Ne4 Qf5 38. Nxf6+ Qxf6 39. d6 Re8 40. Rxe8 Bxe8 41. Re1 Bxa4 42. d7 Qd8 43. Qd4 Qxd7 44. Qxh4+ Kg7 45. Qf4 Bc6 46. Qe5+ Kh7 47. Qf6 Bd5 48.
Kh2 Qc7+ 49. f4 Qc2 50. Qh4+ Kg7 51. Qg3 Be6 52. Qf3 Qd2 53. Qe3 Qd7 54. Qe5+ Kg8 55.
Rb1 f6 56. Rb8+ Kf7 57. Qc5 1-0

[Event "*** Titled Tuesday Blitz"]
[Site "Chess.com"]
[Date "2020.04.21"]
[Round "2"]
[White "Orest_Vovk"]
[Black "SHIVACalypso"]
[Result "0-1"]
[WhiteElo "2432"]
[BlackElo "2230"]
[TimeControl "180+1"]
[EndTime "10:18:46 PDT"]
[Termination "SHIVACalypso won by resignation"]

1. g4 e5 2. Bg2 Nc6 3. h3 d5 4. c4 Be6 5. Nc3 d4 6. Nd5 Nge7 7. Nxe7 Bxe7 8. Bxc6+ bxc6 9. d3 O-O 10. Nf3 c5 11.
Nxe5 Bd6 12. Nf3 f5 13. g5 f4 14. Qa4 Be7 15. Qc6 Qd6 16. Qxd6 cxd6 17. Bd2 Rf5 18. Rg1 d5 19. b3 a5 20. O-O-O a4 21. Kb2 dxc4 22. bxc4 a3+ 23. Ka1 Bd7 24. Rg4 Bd6 25.
Rb1 Re8 26. Ng1 f3 27. exf3 Bh2 28. f4 Bxg1 29. Rgxg1 Re2 30. Rbd1 Ba4 31. Bc1 Bxd1 32. Rxd1 Rxf2 33. Kb1 Rf7 34. Bxa3 Rb7+ 35. Kc1 Ra7 36. Bxc5 Raxa2 37. Bxd4 Rfc2+ 38. Kb1 Rd2 39. Rxd2 Rxd2 40. c5 Rxd3 41. Be5 Kf7 42. c6 Rd5 43. c7 Rc5 44. h4 g6 45. Kb2 Ke6 46. Kb3 Kd7 47. Kb4 Rc1 48. Kb5 Rh1 49. Kc5 Rxh4 50. Kd5 Rh1 51. c8=Q+ Kxc8 52. Ke6 Kd8 53. Kf7 Kd7 54. Kg8 Ke6 55. Bg7 Kf5 56. Bh6 Kxf4 57. Kxh7 Kf5 58. Kg7 Rg1 59. Kf7 Rxg5 60. Bxg5 Kxg5 61. Ke6 Kf4 62. Kd5 g5 63. Kd4 g4 64. Kd3 Kf3 65.
Kd2 Kf2 0-1

[Event "*** Titled Tuesday Blitz"]
[Site "Chess.com"]
[Date "2020.04.21"]
[Round "2"]
[White "Treacherous_horse64"]
[Black "1f3_2g41-0"]
[Result "1-0"]
[WhiteElo "2422"]
[BlackElo "2157"]
[TimeControl "180+1"]
[EndTime "10:18:49 PDT"]
[Termination "Treacherous_horse64 won by resignation"]

1. d4 Nf6 2. Nf3 g6 3. Nbd2 d5 4. e3 Bg7 5. b4 O-O 6. c4 e6 7. Bd3 c6 8. O-O a5 9. b5 cxb5 10. cxb5 Nbd7 11. a4 Nb6 12. Qb3 Bd7 13. Ba3 Re8 14.
Rfc1 Bf8 15. Bc5 Rc8 16. Ne5 h5 17. Ndf3 Ng4 18. Nxg4 hxg4 19. Ne5 Nc4 20. Nxd7 Qxd7 21. Bxf8 Kxf8 22. Bxc4 dxc4 23. Rxc4 Qd5 24. Rac1 Rxc4 25. Qxc4 Qe4 26. Qc2 Qd5 27. Qc5+ Qxc5 28. Rxc5 b6 29. Rc7 Rd8 30. Kf1 Ke8 31. Rc6 Rb8 32. Ke2 Kd7 33. e4 Rh8 34. Rxb6 Rxh2 35. g3 f5 36. e5 f4 37.
gxf4 g3 38. Rd6+ Ke7 39. Kf1 Rxf2+ 40. Kg1 Rxf4 41. Kg2 Rf2+ 42. Kxg3 Ra2 43. Ra6 Rxa4 44. Ra7+ Kd8 45. Kf4 Rxd4+ 46. Kg5 Rd5 47. Kf6 Rxb5 48. Kxe6 g5 49. Kf6 g4 50. e6 Rb6 51. Kf7 g3 52. e7+ 1-0

[Event "*** Titled Tuesday Blitz"]
[Site "Chess.com"]
[Date "2020.04.21"]
[Round "2"]
[White "zmeeed67"]
[Black "tamarozi99"]
[Result "1-0"]
[WhiteElo "2379"]
[BlackElo "1999"]
[TimeControl "180+1"]
[EndTime "10:18:49 PDT"]
[Termination "zmeeed67 won on time"]

1. d4 Nf6 2. c4 g6 3. Nc3 Bg7 4.
Nf3 O-O 5. Bg5 d6 6. e3 Nbd7 7.
h3 b6 8. Be2 Bb7 9. d5 a5 10.
O-O Nc5 11. Qc2 h6 12. Bh4 Qe8 13. Rad1 e5 14. b3 Nh5 15. Nd2 f5 16. Bxh5 gxh5 17. a3 Bf6 18. Bxf6 Rxf6 19. b4 Nd7 20. Nb5 Rc8 21.
bxa5 bxa5 22. Nb3 a4 23. Na5 Nc5 24. Nxb7 Nxb7 25. Qxa4 Nc5 26. Qc2 Qg6 27. Kh1 h4 28. a4 Kh8 29. a5 Rg8 30. Rg1 Qg7 31. f3 e4 32. f4 Qg3 33. Qc3 Rg6 34. Nxc7 Kh7 35. a6 Rf7 36. a7 Nd3 37. Rxd3 exd3 38. a8=Q Rfg7 39. Qd2 Rxc7 40. Qaa2 Rcg7 41. Qf2 h5 42.
Qxg3 Rxg3 43. Qd2 Re7 44. Qxd3 Rgxe3 45. Qxf5+ Kh6 46. Qg5+ Kh7 47. Qxh5+ Kg7 48. Qg5+ Kf7 49. Qxh4 R3e4 50. Qh5+ Kf8 51. Qg5 Ke8 52. c5 dxc5 53. d6 R7e6 54. f5 R6e5 55. Qg6+ Kd7 56. Rf1 c4 57. f6 1-0

[Event "*** Titled Tuesday Blitz"]
[Site "Chess.com"]
[Date "2020.04.21"]
[Round "2"]
[White "realmadridtv"]
[Black "Ginger_GM"]
[Result "1/2-1/2"]
[WhiteElo "2321"]
[BlackElo "2585"]
[TimeControl "180+1"]
[EndTime "10:18:51 PDT"]
[Termination "Game drawn by repetition"]

1. d4 Nf6 2. c4 e5 3. dxe5 Ne4 4.
Nf3 d6 5. Nbd2 Nc5 6. Nb3 Nba6 7. e3 Bg4 8. Be2 Bxf3 9. Bxf3 dxe5 10. Qxd8+ Rxd8 11. Nxc5 Nxc5 12. Be2 Ne4 13. a3 Nc5 14. f3 Nb3 15.
Rb1 a5 16. O-O Bc5 17. Kf2 Ke7 18. Rd1 a4 19. Bd3 g6 20. Ke2 f5 21. Bc2 h5 22.
Bxb3 axb3 23. Bd2 Ke6 24. Bb4 b6 25. Rbc1 g5 26. Rxd8 Rxd8 27. Rc3 Bxb4 28. axb4 Ra8 29.
Rxb3 Ra1 30. h3 Rg1 31. Kf2 Rc1 32. Rc3 Rb1 33. Rc2 Ra1 34. e4 f4 35. c5 b5 36.
Ke2 Ra4 37. b3 Rxb4 38. Rc3 Rd4 39. Rd3 Rxd3 40. Kxd3 c6 41. Kc3 Kd7 42. Kb4 Kc7 43. Ka5 Kb7 44. Kb4 Ka7 45. Kc3 Ka6 46. b4 Kb7 47. Kd3 Kc7 48. Ke2 Kd7 49. Kf2 Ke6 50. Kg1 Kf6 51. Kh2 Kg6 52. Kh1 g4 53. hxg4 hxg4 54.
Kh2 Kg5 55. Kg1 Kh4 56. Kh2 Kh5 57. Kh1 Kg5 58. Kg1 Kh5 59. Kh1 Kg5 60. Kg1 1/2-1/2

[Event "*** Titled Tuesday Blitz"]
[Site "Chess.com"]
[Date "2020.04.21"]
[Round "2"]
[White "Enriquack"]
[Black "Jeffinho023"]
[Result "0-1"]
[WhiteElo "2247"]
[BlackElo "2469"]
[TimeControl "180+1"]
[EndTime "10:18:51 PDT"]
[Termination "Jeffinho023 won by resignation"]

1. e4 e5 2. Nf3 Nf6 3. Nxe5 d6 4. Nf3 Nxe4 5. Nc3 Nf6 6. d4 d5 7. Bd3 Bg4 8. h3 Bh5 9. g4 Bg6 10. Ne5 Nbd7 11. Nxg6 hxg6 12. Qf3 c6 13. Bf4 Qb6 14. O-O-O O-O-O 15. Bh2 g5 16. Qg3 Ne8 17. Bf5 Bd6 18.
Qg2 Bxh2 19. Qxh2 Nf6 20. f4 gxf4 21. Qxf4 Qc7 22. Qg5 g6 23. Bd3 Qd6 24. Rde1 Rde8 25. h4 Rxe1+ 26. Rxe1 Qg3 27. Rf1 Qxh4 28. Qxh4 Rxh4 29.
g5 Nh7 30. Rxf7 Nxg5 31. Rg7 Ne6 32. Rxg6 Nxd4 33. Rg7 Ne6 34. Rf7 Nd8 35. Rg7 Rf4 36.
Ne2 Rf6 37. Nd4 Ne5 38. Bf5+ Kb8 39. Rg8 Kc7 40. b4 b6 41. a4 c5 42. bxc5 bxc5 43.
Nb5+ Kb6 44. Rxd8 Rxf5 45. Rd6+ Ka5 46. Nc3 d4 47. Ne4 Nc4 48. Kb1 Kxa4 49. Ra6+ Kb5 50.
Rxa7 Rf1+ 51. Ka2 Re1 52. Re7 Kb4 53. Rb7+ Ka5 54. Nxc5 Ne3 55. Nb3+ Ka6 56. Rc7 Rd1 57.
Rc4 Nf5 58. Ra4+ Kb6 59. Rb4+ Kc6 60. Rc4+ Kd5 61. Kb2 Ke4 0-1

[Event "*** Titled Tuesday Blitz"]
[Site "Chess.com"]
[Date "2020.04.21"]
[Round "2"]
[White "Jospem"]
[Black "RATNAKARAN"]
[Result "1-0"]
[WhiteElo "2827"]
[BlackElo "2567"]
[TimeControl "180+1"]
[EndTime "10:18:53 PDT"]
[Termination "Jospem won by resignation"]

1. c4 e5 2. Nc3 Nc6 3. Nf3 f5 4. d4 e4 5. Ng5 Be7 6. Nh3 Nf6 7. e3 O-O 8. Be2 d6 9. Nf4 g5 10. Nfd5 Nxd5 11. Nxd5 Bf6 12. b3 Bg7 13. Bb2 Be6 14. Nc3 Bf7 15. Qd2 Bg6 16. O-O-O a5 17. a3 a4 18. b4 f4 19. Bg4 Bf7 20. Be2 Bg6 21.
Rdf1 Kh8 22. Bg4 Qe8 23. h4 fxe3 24. fxe3 Rxf1+ 25. Rxf1 gxh4 26. Nd5 Qg8 27. Qe2 Rf8 28. Nxc7 Rxf1+ 29. Qxf1 Qd8 30. Nd5 Qg5 31. Bd1 h5 32.
Nf4 Kh7 33. Qf2 Ne7 34. Bc3 Nf5 35. Bd2 Ng3 36. Bxa4 Bf5 37. Bc2 Bg4 38. Kb2 b5 39. Bb3 bxc4 40. Bxc4 Qf5 41. b5 Qc5 42. Bf1 d5 43.
Bc3 Qf8 44. a4 Bh6 45. b6 Qd6 46. Bb5 Qxb6 47. Nxd5 Qb7 48. Nf6+ Kg6 49. Nxg4 hxg4 50. d5 Nf5 51. d6 Bxe3 52. Qe2 Qd5 53. Qxg4+ Kf7 54.
d7 Bb6 55. Qh5+ Ke7 56. Qe8+ Kd6 57. d8=Q+ Bxd8 58. Qxd8+ Ke6 59. Qg8+ Kd6 60. Bb4+ Ke5 61. Qe8+ Kf4 62. Qc6 Qd4+ 63. Bc3 Qf2+ 64. Ka3 Qxg2 65. Qc7+ Kf3 66. Qe5 Qg5 67. Bc6 Qf4 68. Qxf4+ Kxf4 69. a5 Ne7 70. Bb7 h3 71. Bb4 Nf5 72. a6 h2 73.
Bxe4 Kxe4 74. a7 Ng3 75. a8=Q+ Kf4 76. Bd6+ Kg4 77. Bxg3 Kxg3 78. Qh1 1-0

[Event "*** Titled Tuesday Blitz"]
[Site "Chess.com"]
[Date "2020.04.21"]
[Round "2"]
[White "secretsuperstar7"]
[Black "El_ultimo_Pablo"]
[Result "1-0"]
[WhiteElo "2188"]
[BlackElo "2417"]
[TimeControl "180+1"]
[EndTime "10:18:54 PDT"]
[Termination "secretsuperstar7 won by checkmate"]

1. d4 Nf6 2. c4 e6 3. Nc3 Bb4 4. e3 O-O 5. Bd3 c5 6. d5 exd5 7. cxd5 Re8 8. Ne2 h6 9. Bc2 d6 10. O-O Nbd7 11. e4 a6 12. h4 b5 13. a4 Rb8 14. axb5 axb5 15. Ng3 Ne5 16. f4 Bg4 17. Qe1 Nc4 18. Qf2 Nd7 19. Bd1 Qxh4 20. Bxg4 Qxg4 21.
Qf3 Qxf3 22. gxf3 Bxc3 23. bxc3 Ra8 24. Rb1 Reb8 25. Nf5 Ra2 26. Ne7+ Kf8 27. Nc6 Rb7 28. Rf2 Rxf2 29. Kxf2 g6 30. f5 Kg7 31. fxg6 fxg6 32.
Bf4 Nde5 33. Bxe5+ Nxe5 34. Nd8 Rb8 35. Nc6 Kf6 36.
Nxb8 b4 37. cxb4 cxb4 38. Ke3 h5 39. Nc6 Nc4+ 40. Kd4 Nd2 41. Rd1 Nxf3+ 42. Ke3 Ng5 43. Rf1+ Kg7 44. Kf4 Nf7 45. Nxb4 Ne5 46. Rg1 Kh6 47.
Nc6 Nd3+ 48. Ke3 Nb2 49. e5 Nc4+ 50. Kd4 Nd2 51. Ke3 Nc4+ 52. Ke4 dxe5 53. Nxe5 Nd6+ 54. Kd4 g5 55. Kc5 Ne4+ 56. Kc6 g4 57. d6 Nxd6 58.
Kxd6 Kg5 59. Nxg4 hxg4 60. Ke5 Kh4 61. Kf4 g3 62. Rxg3 Kh5 63. Rg2 Kh6 64. Kf5 Kh7 65.
Kf6 Kh6 66. Rh2# 1-0

[Event "*** Titled Tuesday Blitz"]
[Site "Chess.com"]
[Date "2020.04.21"]
[Round "2"]
[White "ace_mar"]
[Black "Mazanchenko_Dmitry"]
[Result "0-1"]
[WhiteElo "2383"]
[BlackElo "2123"]
[TimeControl "180+1"]
[EndTime "10:18:55 PDT"]
[Termination "Mazanchenko_Dmitry won by resignation"]

1. d4 g6 2. e4 Bg7 3. Nc3 d6 4. f4 Nf6 5. Nf3 c5 6. Bb5+ Bd7 7. e5 dxe5 8. dxe5 Ng8 9. e6 fxe6 10. Bxd7+ Qxd7 11. Ng5 h6 12. Qxd7+ Kxd7 13. Nf7 Rh7 14. Ne5+ Bxe5 15. fxe5 Nc6 16. Bf4 Rf7 17. Bg3 a6 18. O-O-O+ Kc7 19. Ne4 b6 20. Rhf1 Raf8 21. Rxf7 Rxf7 22.
c3 Rf5 23. Nd2 h5 24. Nf3 Nh6 25. Nh4 Rg5 26. Bf4 Rg4 27. Bxh6 Rxh4 28. h3 Re4 29. Bg7 Nxe5 30. Rf1 Nd3+ 31. Kd2 c4 32. b3 b5 33. Bd4 e5 34. Be3 Nf4 35. g3 Nd5 36. Bc5 Kc6 37. Ba3 Re3 38. Rf8 Rxg3 39. Rc8+ Kd7 40.
Ra8 cxb3 41. axb3 Nxc3 42. Rxa6 Ne4+ 43. Ke2 Nd6 44. Ra7+ Ke6 45. Bc5 Rxh3 46. b4 g5 47. Ra8 g4 48. Rg8 Rh2+ 49. Kf1 Rh3 50. Kg2 Kd5 51.
Rg6 e6 52. Rg5 Ne4 53. Rg8 Nxc5 54. Rd8+ Kc4 55. bxc5 Kxc5 56. Re8 Kb4 57. Rxe6 Ka3 58. Rxe5 b4 59. Re8 b3 60. Ra8+ Kb2 0-1

[Event "*** Titled Tuesday Blitz"]
[Site "Chess.com"]
[Date "2020.04.21"]
[Round "2"]
[White "InfiniteAdaption"]
[Black "Nikolakis2014"]
[Result "0-1"]
[WhiteElo "2475"]
[BlackElo "2687"]
[TimeControl "180+1"]
[EndTime "10:18:56 PDT"]
[Termination "Nikolakis2014 won by resignation"]

1. g3 Nf6 2. Bg2 d5 3. e3 e6 4.
Ne2 c5 5. O-O Nc6 6. b3 Be7 7.
Bb2 O-O 8. d4 b6 9. Nd2 Bb7 10.
Re1 Rc8 11. c3 Re8 12. Rc1 e5 13. h3 cxd4 14. exd4 e4 15. Nf1 Bd6 16. Ne3 Qd7 17.
a3 h5 18. c4 h4 19. g4 Ne7 20.
Nc3 Bf4 21. Rc2 Ng6 22. Ncxd5 Nxd5 23. cxd5 Bxe3 24. fxe3 Bxd5 25. Rf2 Rc6 26. Ref1 Rec8 27. g5 Qe6 28. b4 Qe7 29. Qh5 Rc2 30. Qg4 R8c6 31.
b5 Rxf2 32. Rxf2 Rc7 33. a4 Qb4 34. Bxe4 Qe1+ 35. Kg2 Be6 36. Qf3 Re7 37. d5 Bd7 38. Bd4 Rxe4 39. Qxe4 Bxh3+ 40. Kxh3 Qxf2 41. Qe8+ Kh7 42. Qb8 Qf3+ 43. Kh2 Qf2+ 44. Kh1 Ne7 45. Qh2 Qf1+ 46.
Qg1 Qh3+ 47. Qh2 Qf3+ 48. Qg2 Qd1+ 49. Kh2 Nf5 50. d6 Nxd6 51. g6+ fxg6 52. Be5 Nf5 53. Bf4 Qh5 54. Qf2 g5 55. Be5 Qg4 56. Bc3 Nh6 57. Qf8 Qg3+ 58. Kh1 Qh3+ 59. Kg1 Nf5 60. e4 Qe3+ 61. Kf1 Qf3+ 62. Ke1 Qxc3+ 63. Kd1 Qd3+ 64. Kc1 Qxe4 0-1

[Event "*** Titled Tuesday Blitz"]
[Site "Chess.com"]
[Date "2020.04.21"]
[Round "2"]
[White "Fandorine"]
[Black "kleopl"]
[Result "1-0"]
[WhiteElo "2885"]
[BlackElo "2460"]
[TimeControl "180+1"]
[EndTime "10:18:57 PDT"]
[Termination "Fandorine won by checkmate"]

1. e4 c6 2. Nf3 d5 3. d3 Bg4 4.
h3 Bh5 5. g4 Bg6 6. Nbd2 Nd7 7.
Qe2 e6 8. Bg2 Bc5 9. h4 h5 10.
g5 Ne7 11. b3 Bb4 12. Bb2 dxe4 13. dxe4 Rg8 14. O-O-O Qa5 15. Kb1 O-O-O 16. Nc4 Qa6 17.
a3 Bc5 18. b4 Nb6 19. Nxb6+ Bxb6 20. Qxa6 bxa6 21. Nd4 a5 22. bxa5 Bxa5 23. f4 Bb6 24.
Rhe1 Kc7 25. Bh3 a6 26. Bg2 Bc5 27. Nb3 Bb6 28. Be5+ Kc8 29. Bf1 Kb7 30. Bd4 Bxd4 31. Nxd4 Kb6 32. Rd3 c5 33. Rb3+ Ka7 34. Nf3 Rb8 35.
Kb2 Nc6 36. Re3 Na5 37. Rxb8 Rxb8+ 38. Kc1 Rd8 39. Ne5 Kb6 40. Bd3 Nc6 41. Nxc6 Kxc6 42. f5 exf5 43. exf5 Bh7 44. Re7 Bg8 45. Be4+ Kb6 46.
Rb7+ Ka5 47. Bd3 Rd6 48. Rb8 Bh7 49. Rh8 Bxf5 50. Bxf5 g6 51. Bd3 Rd4 52. Rc8 c4 53. Rxc4 Rd5 54. Rf4 Rd6 55. Kd2 Rc6 56. Rxf7 Rd6 57.
Rf6 Rd4 58. Rxa6# 1-0

[Event "*** Titled Tuesday Blitz"]
[Site "Chess.com"]
[Date "2020.04.21"]
[Round "2"]
[White "afgano29"]
[Black "Galileo22"]
[Result "1-0"]
[WhiteElo "2649"]
[BlackElo "2324"]
[TimeControl "180+1"]
[EndTime "10:18:57 PDT"]
[Termination "afgano29 won by resignation"]

1. e4 e5 2. Nf3 Nc6 3. Bb5 Nf6 4.
d3 Bc5 5. c3 Qe7 6. O-O a6 7.
Ba4 b5 8. Bb3 d6 9. d4 Bb6 10.
h3 h6 11. a4 Bb7 12. Re1 g5 13. axb5 axb5 14. Rxa8+ Bxa8 15. Na3 Rg8 16. Nxb5 Nd7 17. Nh2 Rg6 18. Ba4 Kf8 19. Be3 Kg8 20. Nf1 exd4 21.
Bxd4 Bb7 22. Ng3 Nce5 23. Nf5 Qf8 24. Bxb6 Nxb6 25. Nxc7 g4 26. hxg4 Nxg4 27. Bb3 Ne5 28. Nd5 Nbd7 29. Nde7+ Kh7 30. Nxg6 fxg6 31. Nxd6 Ba6 32.
Qd4 Nd3 33. Ra1 N7c5 34. Rxa6 Nxa6 35. Qxd3 Nc5 36. Qd5 Nxb3 37. Qxb3 Qxd6 38. Qd5 Qf4 39. g3 Qc1+ 40. Kg2 Qxb2 41. c4 Qc2 42. c5 h5 43. c6 Kh6 44. e5 h4 45. gxh4 Qe2 46. e6 Qg4+ 47. Kf1 Qh3+ 48. Ke2 Qg4+ 49. f3 Qg2+ 50.
Ke3 Qg1+ 51. Ke4 Qe1+ 52. Kd3 Qd1+ 53. Kc4 Qc2+ 54. Kd4 Qd2+ 55. Ke5 Qe3+ 56. Kd6 Qf4+ 57. Qe5 Qb4+ 58. Kd7 Qd2+ 59. Qd6 Qe2 60. e7 Qxf3 61. e8=Q Qf5+ 62. Qee6 Qxe6+ 63. Qxe6 Kh5 64. Qf6 Kg4 65. Qg5+ Kh3 66. Ke6 Kh2 67. Kd5 Kh1 68. Ke4 1-0

[Event "*** Titled Tuesday Blitz"]
[Site "Chess.com"]
[Date "2020.04.21"]
[Round "2"]
[White "Leonid_Starozhilov"]
[Black "ItsCheckM8Mate"]
[Result "1-0"]
[WhiteElo "2633"]
[BlackElo "2232"]
[TimeControl "180+1"]
[EndTime "10:18:58 PDT"]
[Termination "Leonid_Starozhilov won by resignation"]

1. e4 e5 2. Nf3 Nc6 3. Bc4 Nf6 4. d3 h6 5. Nc3 d6 6. a3 g6 7. h3 Bg7 8. Be3 a6 9. Qd2 g5 10. Nd5 O-O 11. g4 Nxd5 12. Bxd5 Ne7 13. Bb3 d5 14.
Bc5 c6 15. O-O-O b6 16. Bxe7 Qxe7 17. Rdg1 dxe4 18. dxe4 Qf6 19. Qe3 Qf4 20. h4 Qxe3+ 21. fxe3 Be6 22. hxg5 hxg5 23. Nxg5 Bxb3 24. cxb3 Rad8 25.
Kc2 Rd6 26. Nf3 Rf6 27. Rf1 Rd8 28. Nh4 Rfd6 29. Rh2 Rd3 30. Re2 Bh6 31. Nf5 Bg5 32. Rff2 Rd1 33. Rd2 R1xd2+ 34. Rxd2 Rxd2+ 35. Kxd2 Kf8 36. Kd3 Ke8 37. b4 Kd7 38. Kc4 Kc7 39. Kd3 Kd7 40. Ng7 Kc7 41. Nh5 Kd7 42. Ng3 Kc7 43. Ne2 Kd7 44. Nc3 Kc7 45. b3 Kd6 46. a4 Kd7 47. b5 axb5 48. axb5 c5 49. Nd5 Bd8 50.
Ke2 Kd6 51. Kd3 Kd7 52. Kc4 Kd6 53. Nc3 Bg5 54. Na4 Kc7 55. Kd5 f6 56. Nb2 Bxe3 57.
Nc4 Bg5 58. Nd6 Bh4 59. Ne8+ Kb7 60. Ke6 Kc8 61. Nxf6 Kd8 62. Nd5 Kc8 63. Nxb6+ Kb7 64. Nc4 1-0

[Event "*** Titled Tuesday Blitz"]
[Site "Chess.com"]
[Date "2020.04.21"]
[Round "2"]
[White "ShadowJolteon"]
[Black "TheCavemanChesss"]
[Result "1-0"]
[WhiteElo "2281"]
[BlackElo "2465"]
[TimeControl "180+1"]
[EndTime "10:18:58 PDT"]
[Termination "ShadowJolteon won by checkmate"]

1. d4 Nf6 2. c4 e6 3. g3 d5 4. Nf3 Be7 5. Bg2 O-O 6. O-O dxc4 7. Qc2 b5 8. a4 b4 9. Ne5 Qxd4 10. Nd2 Qxe5 11.
Nxc4 Qh5 12. Bxa8 Ng4 13. h4 Bxh4 14. Kg2 Bf6 15. Rh1 Qf5 16. Qxf5 exf5 17. Bf4 Be6 18.
Rac1 g5 19. Bd2 Nd7 20. Bf3 Nc5 21. Bxb4 Nb3 22. Bxf8 Nxc1 23. Bxg4 fxg4 24. Rxc1 Kxf8 25. b3 Bd5+ 26. Kg1 h5 27. b4 h4 28. gxh4 gxh4 29. Ne3 Be6 30. Rxc7 h3 31. Rxa7 g3 32. fxg3 Bd4 33.
Ra8+ Kg7 34. Kh2 Bxe3 35. b5 f5 36. a5 f4 37. b6 fxg3+ 38. Kxg3 Bf4+ 39. Kxf4 h2 40. b7 h1=Q 41. b8=Q Qh4+ 42. Ke3 Qg5+ 43. Qf4 Qg1+ 44.
Qf2 Qc1+ 45. Kd3 Qd1+ 46. Kc3 Qc1+ 47. Kd3 Qa3+ 48. Ke4 Qa4+ 49. Qd4+ Qxd4+ 50. Kxd4 Bg4 51. Ra7+ Kf6 52. a6 Bxe2 53. Rb7 Bf3 54. Rb6+ Ke7 55. a7 Kd7 56. Rb8 Kc7 57. a8=Q Bxa8 58. Rxa8 Kb7 59. Ra3 Kc7 60. Kc4 Kc6 61. Ra6+ Kd7 62. Kd5 Ke7 63.
Rb6 Kf7 64. Ke5 Ke7 65. Rb7+ Kd8 66. Kd6 Kc8 67. Rh7 Kb8 68. Kc6 Kc8 69. Rh8# 1-0

[Event "*** Titled Tuesday Blitz"]
[Site "Chess.com"]
[Date "2020.04.21"]
[Round "2"]
[White "Shaman91"]
[Black "albi1999"]
[Result "0-1"]
[WhiteElo "2846"]
[BlackElo "2599"]
[TimeControl "180+1"]
[EndTime "10:18:59 PDT"]
[Termination "albi1999 won by resignation"]

1. e4 e5 2. Bc4 Nf6 3. d3 Bc5 4. Nc3 c6 5. Nf3 d6 6. O-O Bb6 7. Ne2 Nbd7 8. Ng3 Nf8 9. c3 Ng6 10. h3 O-O 11. Bb3 d5 12. exd5 cxd5 13. Re1 Re8 14. Bg5 Qd6 15. d4 e4 16. Nh2 Nf4 17. Qd2 Bc7 18. Bxf4 Qxf4 19. Qxf4 Bxf4 20. Rad1 e3 21.
Nhf1 exf2+ 22. Kxf2 Be6 23. Ne3 g6 24. Kf3 Bd6 25.
Re2 Re7 26. Rde1 Rae8 27. Bc2 Kf8 28. Bd3 Bd7 29. Nef1 Rxe2 30. Rxe2 Rxe2 31. Nxe2 Ke7 32. Nd2 h5 33. Nb3 b6 34. Nd2 Nh7 35. Nf4 Nf6 36. Ba6 g5 37. Ne2 g4+ 38. hxg4 hxg4+ 39. Ke3 Kd8 40. Nf4 Kc7 41. Bd3 a5 42. Nf1 Be6 43. Ng3 Kd7 44. Bf5 Ke7 45. Bxe6 fxe6 46. Nge2 b5 47. Nd3 Ne4 48. Nef4 Kf6 49. Ne2 Kf5 50.
Nef4 Ng3 51. Ne2 Nxe2 52. Kxe2 Ke4 53. Nf2+ Kf5 54. Nd3 Ke4 55. Nf2+ Kf4 56. Nd3+ Kg3 57. Kf1 Kh4 58. Kf2 Kg5 59. Ke2 Kf5 60. Nf2 e5 61.
dxe5 Bxe5 62. Nd3 d4 63. cxd4 Bxd4 64. b3 Ke4 65. a4 bxa4 66. bxa4 Kd5 67. Kd2 Kc4 68.
Nf4 Kb3 69. Kd3 Be5 70. Nd5 Kxa4 71. Ke4 Bd6 72. Kf5 g3 73. Nb6+ Kb5 74. Nd5 Kc4 75. Ke6 Bc5 76. Ke5 a4 0-1